 Dungeon Crawl Stone Soup version 0.23.0 (webtiles) character file.

Game seed: 13542006485832595786

483 Hylith the Chopper (level 7, -3/60 HPs)
             Began as a Hill Orc Fighter on Feb 12, 2019.
             Was a Follower of Makhleb.
             Slain by a gnoll
             ... wielding a +0 flail
              (12 damage)
             ... on level 4 of the Dungeon.
             The game lasted 00:07:01 (3317 turns).

Hylith the Chopper (Hill Orc Fighter)               Turns: 3317, Time: 00:07:02

Health: -3/60      AC:  8    Str: 21    XL:     7   Next: 12%
Magic:  8/9        EV:  7    Int:  8    God:    Makhleb [*.....]
Gold:   145        SH:  9    Dex: 10    Spells: 6/6 levels left

rFire    . . .     SeeInvis .   a - +0 war axe
rCold    . . .     Gourm    .   c - +0 shield
rNeg     + . .     Faith    .   b - +0 scale mail
rPois    .         Spirit   .   l - +0 helmet
rElec    .         Reflect  .   (no cloak)
rCorr    .         Harm     .   (no gloves)
MR       .....                  (no boots)
Stlth    +.........             (no amulet)
HPRegen  0.20/turn              h - ring of positive energy
MPRegen  0.11/turn              w - ring of stealth

@: no status effects
A: no striking features
a: Renounce Religion


You were on level 4 of the Dungeon.
You worshipped Makhleb.
Makhleb was aware of your devotion.
You were not hungry.

You visited 1 branch of the dungeon, and saw 4 of its levels.

You collected 145 gold pieces.

Inventory:

Hand Weapons
 a - a +0 war axe (weapon)
 y - a +0 flail
Armour
 b - a +0 scale mail (worn)
 c - a +0 shield (worn)
 l - a +0 helmet (worn)
Jewellery
 h - a ring of positive energy (left hand)
 w - a ring of stealth (right hand)
Wands
 u - a wand of enslavement (4)
Scrolls
 e - 2 scrolls of identify
 g - a scroll of teleportation {unknown}
 i - 2 scrolls of fear {unknown}
 j - a scroll of enchant armour {unknown}
 k - a scroll of magic mapping {unknown}
 o - a scroll of blinking {unknown}
 s - 4 scrolls of remove curse
 t - a scroll of noise {unknown}
 x - a scroll of random uselessness {unknown}
Potions
 d - a potion of might
 m - 3 potions of lignification {unknown}
 n - a potion of resistance {unknown}
 p - 3 potions of flight {unknown}
 q - 3 potions of curing {unknown}
 r - a potion of degeneration {unknown}
 v - 2 potions of heal wounds
 z - a potion of haste {unknown}
Comestibles
 f - 3 rations


   Skills:
 * Level 4.9 Fighting
 * Level 6.7 Axes
 * Level 4.9 Armour
 + Level 4.0 Shields
 * Level 2.6 Invocations


You had 6 spell levels left.
You didn't know any spells.
Your spell library was empty.

Dungeon Overview and Level Annotations

Branches:
Dungeon (4/15)
 Temple: D:4-7

Altars:
Cheibriados
Makhleb
Qazlal
Ru
Xom


Message History

You are too injured to fight recklessly!
You are too injured to fight recklessly!
You are too injured to fight recklessly!
You are too injured to fight recklessly!
You are too injured to fight recklessly!
You are too injured to fight recklessly!
You hit the gnoll.
The gnoll is lightly wounded.
The gnoll hits you from afar with a +3 spear.
You block the gnoll's attack. x2
You barely miss the gnoll.
The gnoll is lightly wounded.
You block the gnoll's attack. The gnoll hits you with a +0 flail!
* * * LOW HITPOINT WARNING * * *
You slash the gnoll!
The gnoll is almost dead.
The gnoll hits you from afar with a +3 spear!
* * * LOW HITPOINT WARNING * * *
The gnoll hits you with a +0 flail!
You die...

### #.## ####
##..###..#
##....##(.#
######.........#
.........[.###.#
####.....## #@#
#....## #g#
##.#.......gg
#..########.#.
#.## #.. ....^
#.# #.# #.# #.
#.# #.# #.. .#
## #.# #.# ### #
.#####.####.#


You could see 3 gnolls.

Vanquished Creatures
  An ice beast (D:3)
  A bullfrog (D:3)
  A bullfrog skeleton (D:4)
  2 orc wizards (D:4)
  Ijyb (D:3)
  Terence (D:3)
  A worker ant (D:4)
  Robin (D:2)
  3 adders
  A gnoll (D:4)
  An ooze (D:2)
  3 worms
  3 dart slugs
  4 leopard geckos
  7 orcs
  2 bats
  8 giant cockroaches
  12 goblins
  9 hobgoblins
  9 jackals
  7 kobolds
  2 quokkas
  2 ball pythons
  4 frilled lizards
  6 rats
92 creatures vanquished.

Notes
Turn   | Place    | Note
-------+----------+-------------------------------------------
     0 | D:1      | Hylith the Hill Orc Fighter began the quest for the Orb.
     0 | D:1      | Reached XP level 1. HP: 19/19 MP: 1/1
   366 | D:1      | Reached XP level 2. HP: 26/27 MP: 2/2
   587 | D:1      | You fall through a shaft!
   799 | D:1      | Reached skill level 3 in Axes
  1122 | D:2      | Found a shimmering altar of Xom.
  1126 | D:2      | Found a burning altar of Makhleb.
  1146 | D:2      | Reached XP level 3. HP: 15/33 MP: 3/3
  1150 | D:2      | Became a worshipper of Makhleb the Destroyer
  1288 | D:2      | Noticed Robin
  1304 | D:2      | Killed Robin
  1308 | D:2      | Reached XP level 4. HP: 19/40 MP: 4/4
  1314 | D:2      | Reached skill level 4 in Axes
  1440 | D:2      | Found a snail-covered altar of Cheibriados.
  1466 | D:2      | Reached skill level 1 in Invocations
  1873 | D:2      | Reached * piety under Makhleb
  2145 | D:3      | Noticed Ijyb
  2154 | D:3      | Reached XP level 5. HP: 45/46 MP: 5/5
  2155 | D:3      | Killed Ijyb
  2156 | D:3      | Noticed an ice beast
  2164 | D:3      | Killed an ice beast
  2164 | D:3      | Reached skill level 5 in Axes
  2164 | D:3      | Reached XP level 6. HP: 42/53 MP: 7/7
  2221 | D:3      | Reached skill level 6 in Axes
  2336 | D:3      | Noticed Terence
  2350 | D:3      | Killed Terence
  2762 | D:3      | Found a sacrificial altar of Ru.
  3073 | D:4      | Found a stormy altar of Qazlal.
  3141 | D:4      | Reached XP level 7. HP: 58/60 MP: 8/8
  3317 | D:4      | Slain by a gnoll

Skill      XL: |  1  2  3  4  5  6 |
---------------+-------------------+-----
Fighting       | 4 |  4.9
Axes           | 3 4 5 6 |  6.7
Invocations    | 1 2 |  2.6
Armour         | 4 |  4.9
Shields        | 4 |  4.0

Action                   |  1- 3 |  4- 6 |  7- 9 || total
-------------------------+-------+-------+-------++-------
Melee: War axe           |    92 |   202 |    25 ||   319
  Use: Scroll            |     3 |       |       ||     3
  Eat: Chunk             |     1 |     6 |     1 ||     8
Armor: Ring mail         |    21 |       |       ||    21
       Scale mail        |    26 |    68 |     8 ||   102
Dodge: Dodged            |    28 |    45 |     5 ||    78
Block: Shield            |    52 |   108 |    14 ||   174
